 Dungeon Crawl Stone Soup version 0.28-a0-203-gf40de95187 (webtiles) character file.

Game seed: 10756096812511228275

210 Leibowitz the Cutter (level 6, -2/37 HPs)
             Began as a Kobold Gladiator on Aug 20, 2021.
             Slain by a gnoll (5 damage)
             ... on level 3 of the Dungeon.
             The game lasted 00:05:06 (3351 turns).

Leibowitz the Cutter (Kobold Gladiator)             Turns: 3351, Time: 00:05:07

Health: -2/37      AC:  4    Str: 11    XL:     6   Next: 12%
Magic:  6/6        EV: 16    Int: 10    God:
Gold:   149        SH:  0    Dex: 18    Spells: 5/5 levels left

rFire   . . .      SeeInvis .   a - +0 rapier
rCold   . . .      Faith    .   (shield restricted)
rNeg    . . .      Spirit   .   b - +0 leather armour
rPois   +          Reflect  .   c - +0 helmet
rElec   .          Harm     .   (no cloak)
rCorr   .          Rampage  .   (no gloves)
Will    .....                   (no boots)
Stlth   +++.......              k - amulet of regeneration
HPRegen 1.12/turn               e - ring of poison resistance
MPRegen 0.10/turn               (no ring)

@: lethally poisoned (-2 -> -2)
A: small, no large weapons, nightstalker 3
a: no special abilities


You were on level 3 of the Dungeon.
You visited 1 branch of the dungeon, and saw 3 of its levels.

You collected 149 gold pieces.

Inventory:

Hand Weapons
 a - a +0 rapier (weapon)
Missiles
 d - a throwing net (quivered)
 i - 6 poisoned darts
Armour
 b - a +0 leather armour (worn)
 c - a +0 helmet (worn)
Jewellery
 e - a ring of poison resistance (left hand)
 k - an amulet of regeneration (around neck)
Wands
 m - a wand of polymorph (1)
Scrolls
 f - a scroll of identify {unknown}
 g - 2 scrolls of blinking {unknown}
 j - a scroll of noise {unknown}
 n - a scroll of teleportation {unknown}
 o - a scroll of silence {unknown}
Potions
 h - a potion of curing {unknown}
 l - a potion of might {unknown}


   Skills:
 * Level 3.1 Fighting
 * Level 6.0 Short Blades
 - Level 2.1 Throwing
 * Level 1.5 Armour
 * Level 4.5 Dodging
 * Level 2.7 Stealth


You had 5 spell levels left.
You didn't know any spells.
Your spell library contained the following spells:

 Spells                   Type           Power      Damage    Failure   Level
 Magic Dart               Conj           0%         1d3       45%         1
 Call Imp                 Summ           0%         N/A       58%         2
 Mephitic Cloud           Conj/Pois/Air  0%         N/A       83%         3


Dungeon Overview and Level Annotations

Branches:
Dungeon (3/15)

Altars:

Shops:
D:1 :!:*=   D:3 ?


Innate Abilities, Weirdness & Mutations

You are small and have problems with some larger weapons.
You are completely attuned to the shadows.


Message History

There is an open door here.
The helpless goblin fails to defend itself.
You impale the goblin!!
You kill the goblin!
A gnoll comes into view. It is wielding a +0 halberd of venom.
Items here: ( )) †.
The gnoll closely misses you.
The gnoll shouts!
You hit the gnoll.
The gnoll is heavily wounded.
The gnoll shouts!
The gnoll hits you with a +0 spear. The gnoll completely misses you. x2
You hit the gnoll.
The gnoll is heavily wounded.
The gnoll hits you with a +0 spear. The gnoll barely misses you.
The gnoll misses you.
You hit the gnoll.
The gnoll is severely wounded.
The gnoll closely misses you.
The gnoll hits you from afar with a +0 spear.
The gnoll misses you.
You hit the gnoll.
You kill the gnoll!
The gnoll barely misses you.
The gnoll hits you from afar with a +0 halberd of venom.
You are poisoned.
Your Short Blades skill increases to level 6!
You feel very sick. The gnoll hits you with a +0 spear.
The gnoll hits you with a +0 halberd of venom!
* * * LOW HITPOINT WARNING * * *
You see here a +0 spear.
You hit the gnoll but do no damage.
You feel sick.
You barely miss the gnoll.
You feel sick. The gnoll hits you with a +0 spear.
* * * LOW HITPOINT WARNING * * *
The gnoll closely misses you.
You hit the gnoll.
The gnoll is heavily wounded.
You feel sick. The gnoll hits you with a +0 spear.
You die...

##### #..........#8###.#
....# ####..........#P..#.#
....####..........(.##.#.#.#
...................##..#.'P#
.....<.....#########._.#####
...........# #.'.#.P##
###........# #)#.#.##
..#........# #.#..P#
...........# #@###8#
...........# #gg...#
...........# #####+#
...........###
.............#
........####.# ...####.# #8#
...# #.####.#### ...#
#...8.∩<8.<


You could see 2 gnolls.

Vanquished Creatures
  Purgy (D:3)
  Robin (D:3)
  An adder (D:2)
  2 gnolls
  3 worms
  2 dart slugs
  3 ball pythons
  4 endoplasms
  2 giant cockroaches (D:2)
  13 goblins
  6 hobgoblins
  3 quokkas
  5 bats
  4 frilled lizards
  9 kobolds
59 creatures vanquished.

Notes
Turn   | Place    | Note
-------+----------+-------------------------------------------
     0 | D:1      | Leibowitz the Kobold Gladiator began the quest for the Orb.
     0 | D:1      | Reached XP level 1. HP: 12/12 MP: 1/1
   136 | D:1      | Found Hevud's Assorted Antiques.
   224 | D:1      | Found Ehaomur's Distillery.
   249 | D:1      | Found Ulim's Book Boutique.
   296 | D:1      | Found Solios's Book Emporium.
   473 | D:1      | Reached XP level 2. HP: 12/17 MP: 2/2
   653 | D:1      | Found Reodaus's Jewellery Boutique.
   694 | D:1      | Reached XP level 3. HP: 22/22 MP: 3/3
  1233 | D:2      | Reached skill level 1 in Stealth
  1886 | D:2      | Reached XP level 4. HP: 24/27 MP: 4/4
  2384 | D:2      | Reached skill level 5 in Short Blades
  2607 | D:2      | Reached skill level 1 in Armour
  2635 | D:3      | Noticed Robin
  2672 | D:3      | Killed Robin
  2714 | D:3      | Reached XP level 5. HP: 30/31 MP: 5/5
  2825 | D:3      | Noticed Purgy
  2844 | D:3      | Killed Purgy
  2845 | D:3      | Reached XP level 6. HP: 12/37 MP: 6/6
  3213 | D:3      | Found Ofet's Magic Scroll Emporium.
  3329 | D:3      | Found a faded altar of an unknown god.
  3348 | D:3      | Reached skill level 6 in Short Blades
  3351 | D:3      | Slain by a gnoll

Illustrated notes

Levels and vault maps discovered:
D:1:      sevenhm_arrival_forest_fort_large_4, layout_rooms, serial_shops,
          nicolae_shop_crystal, shop, nicolae_shop_waterfront,
          nicolae_shop_crystal, shop_fountains, chequers_garden,
          minmay_pentomino_p4
D:2:      layout_basic, kennysheep_another_room
D:3:      layout_basic, serial_shops, nicolae_shop_statue_plus,
          shapermc_ecumenical_altar_ellora, item_on_display_a, uniq_robin,
          uniq_purgy

Skill      XL: |  1  2  3  4  5  6 |
---------------+-------------------+-----
Dodging        | 4 |  4.5
Stealth        | 1 2 |  2.7
Short Blades   | 5 6 |  6.0
Armour         | 1 |  1.5
Fighting       | 3 |  3.1
Throwing       | |  2.1

Action                   |  1- 3 |  4- 6 || total
-------------------------+-------+-------++-------
Melee: Rapier            |    74 |   111 ||   185
Throw: Throwing net      |     2 |     1 ||     3
 Stab: Held in net/web   |     1 |       ||     1
       Sleeping          |     6 |     5 ||    11
Armor: Leather armour    |    10 |    24 ||    34
Dodge: Dodged            |    42 |    91 ||   133

Table legend: (Time is in decaauts)
 A = Elapsed time spent in this place.
 B = Non-inter-level travel time spent in this place.
 C = Inter-level travel time spent in this place.
 D = Time resting spent in this place.
 E = Time spent auto-exploring this place.
 F = Levels seen in this place.
 G = Mean time per level.
                   A        B        C        D        E       F      G
               +--------+--------+--------+--------+--------+-----+--------+
         Total |   3346 |   3296 |     50 |    529 |   2298 |   3 | 1115.3 |
       Dungeon |   3346 |   3296 |     50 |    529 |   2298 |   3 | 1115.3 |
               +--------+--------+--------+--------+--------+-----+--------+

Top non-repeatable levels by time:
     D:2: 1401 daAuts
     D:1: 1228 daAuts
     D:3: 715 daAuts
